 Dungeon Crawl Stone Soup version 0.28.0-53-g5a82cb258f (webtiles) character file.

Game seed: 15428941775748588712

224 cbfl8 the Skirmisher (level 5, 0/48 HPs)
             Began as a Minotaur Berserker on July 26, 2022.
             Was a Believer of Trog.
             Slain by a water moccasin (6 damage)
             ... on level 4 of the Dungeon.
             The game lasted 00:02:43 (2935 turns).

cbfl8 the Skirmisher (Minotaur Berserker)           Turns: 2935, Time: 00:02:44

Health: 0/48       AC:  8    Str: 22    XL:     5   Next: 67%
Magic:  4/4        EV: 11    Int:  4    God:    Trog [**....]
Gold:   144        SH:  0    Dex: 11    Spells: 4/4 levels left

rFire   . . .      SeeInvis .   m - +0 war axe
rCold   . . .      Faith    .   (no shield)
rNeg    . . .      Spirit   .   n - +0 scale mail
rPois   .          Reflect  .   (helmet restricted)
rElec   .          Harm     .   (no cloak)
rCorr   .          Rampage  .   j - +0 pair of gloves
Will    .....                   (no boots)
Stlth   ..........              (no amulet)
HPRegen 0.16/turn               (no ring)
MPRegen 0.09/turn               (no ring)

@: lethally poisoned (0 -> -5), on berserk cooldown, slowed, very slow
A: horns 2, retaliatory headbutt
a: Renounce Religion, Berserk, Trog's Hand


You were on level 4 of the Dungeon.
You worshipped Trog.
Trog was pleased with you.
You visited 1 branch of the dungeon, and saw 4 of its levels.

You collected 144 gold pieces.

Inventory:

Hand Weapons
 a - a +0 hand axe
 m - a +0 war axe (weapon)
Armour
 b - a +0 animal skin
 h - a +0 ring mail
 j - a +0 pair of gloves (worn)
 n - a +0 scale mail (worn)
Scrolls
 c - 2 scrolls of teleportation
 d - a scroll of enchant weapon {unknown}
 e - 4 scrolls of identify {unknown}
 g - a scroll of immolation {unknown}
 o - a scroll of blinking {unknown}
Potions
 f - a potion of degeneration {unknown}
 i - 4 potions of curing {unknown}
 k - a potion of brilliance {unknown}
 l - a potion of might {unknown}
 p - 2 potions of attraction {unknown}


   Skills:
 * Level 5.3 Fighting
 + Level 5.1 Axes
 + Level 3.3 Armour
 * Level 3.2 Dodging
 * Level 1.3 Stealth


You had 4 spell levels left.
You didn't know any spells.
Your spell library was empty.

Dungeon Overview and Level Annotations

Branches:
Dungeon (4/15)
 Temple: D:4-7

Altars:

Shops:
D:1 !


Innate Abilities, Weirdness & Mutations

You have a pair of horns on your head.
You reflexively headbutt those who attack you in melee.


Message History

You slice the necrophage!!
You destroy the necrophage!
Trog accepts your kill.
You barely miss the water moccasin. The water moccasin closely misses you.
Your life force feels restored.
Your Axes skill increases to level 5!
Your Armour skill increases to level 3!
Your Dodging skill increases to level 3!
You bump into the rock wall.
You are no longer berserk.
You are exhausted.
You feel yourself slow down.
You feel sick.
You bump into the rock wall.
You feel less confused.
You feel sick.
You are no longer poisoned.
The water moccasin barely misses you. Something hits you.
The water moccasin bites you. Something hits you but does no damage.
The water moccasin misses you. You furiously retaliate!
You headbutt the water moccasin!
Unknown command.
You closely miss the water moccasin.
The water moccasin is severely wounded.
You barely miss something. The water moccasin bites you.
You hear some strange, mumbled words.
A magic dart appears from out of thin air!
The magic dart hits you.
* * * LOW HITPOINT WARNING * * *
The water moccasin bites you.
* * * LOW HITPOINT WARNING * * *
You are poisoned.
The water moccasin poisons you! Something hits you but does no damage.
Unknown command.
You barely miss the water moccasin.
Your headbutt misses the water moccasin.
The water moccasin is severely wounded.
You closely miss something.
* * * LOW HITPOINT WARNING * * *
You feel very sick. The water moccasin bites you.
You die...

.#... ..... .
####### ####...#.
......# ........
...?..# ##.....##
......#
#.......###......#
#.......##S).....#
.#........@{......#
........####......#
##.......###......#
#.........########
#..........##
.............#
.............#
#............#
##.........<##


You could see a water moccasin.

Vanquished Creatures
  A necrophage (D:4)
  4 gnolls
  2 adders
  3 worms
  2 dart slugs (D:1)
  4 orcs
  6 bats
  2 endoplasms (D:1)
  2 giant cockroaches (D:3)
  8 goblins
  3 hobgoblins
  8 jackals
  2 kobolds (D:1)
  2 quokkas
  9 ball pythons
  2 frilled lizards (D:1)
  7 rats
67 creatures vanquished.

Notes
Turn   | Place    | Note
-------+----------+-------------------------------------------
     0 | D:1      | cbfl8 the Minotaur Berserker began the quest for the Orb.
     0 | D:1      | Reached XP level 1. HP: 19/19 MP: 0/0
    10 | D:1      | Found Ifunguegh's Distillery.
   195 | D:1      | Reached XP level 2. HP: 27/27 MP: 1/1
   380 | D:1      | Found a faded altar of an unknown god.
   384 | D:1      | Reached XP level 3. HP: 33/33 MP: 2/2
   582 | D:1      | Reached ** piety under Trog
  1361 | D:2      | Reached XP level 4. HP: 41/41 MP: 3/3
  2195 | D:3      | Reached skill level 5 in Fighting
  2588 | D:3      | Reached skill level 1 in Stealth
  2919 | D:4      | Noticed a water moccasin
  2920 | D:4      | Noticed a necrophage
  2923 | D:4      | Reached XP level 5. HP: 48/48 MP: 4/4
  2931 | D:4      | Killed a necrophage
  2932 | D:4      | Reached skill level 5 in Axes
  2935 | D:4      | Slain by a water moccasin

Illustrated notes

Levels and vault maps discovered:
D:1:      moated_graveyard_arrival, layout_basic, ebering_ecumenical_altar_hall,
          serial_shops, shop, minmay_pentomino_p4
D:2:      layout_loops_cross, hangedman_decor_opposing
D:3:      layout_basic
D:4:      layout_rooms, minmay_goblin_outpost

Skill      XL: |  1  2  3  4  5 |
---------------+----------------+-----
Fighting       | 4 5 |  5.3
Axes           | 4 5 |  5.1
Stealth        | 1 |  1.3
Armour         | 3 |  3.3
Dodging        | 3 |  3.2

Action                   |  1- 3 |  4- 6 || total
-------------------------+-------+-------++-------
Melee: Hand axe          |    68 |    17 ||    85
       Headbutt          |    14 |     3 ||    17
       Punch             |     1 |       ||     1
       War axe           |       |    27 ||    27
Invok: Berserk           |     1 |     2 ||     3
  Use: Scroll            |     2 |       ||     2
 Stab: Distracted        |     1 |       ||     1
Armor: Animal skin       |    10 |       ||    10
       Ring mail         |     4 |     5 ||     9
       Scale mail        |       |    18 ||    18
Dodge: Dodged            |    38 |    36 ||    74
